Cogmind - Beta 15 @@@ ROGUE MODE // 2025.05.12 @ 14:11:23 Player: szymekc Result: Self-destructed Performance ------------- Evolutions (4) 2000 Regions Visited (4) 800 Robots Destroyed (23) 115 Value Destroyed (578) 578 Prototype IDs (4) 80 Alien Tech Used (0) 0 Bonus (300) 300 TOTAL SCORE: 3873 Bonus ------- Registered with UFD 300 Cogmind --------- Core Integrity 834/850 Matter 228/300 Energy 520/520 System Corruption 0% Temperature Cool (0) Movement Walking (122) Location -6/Factory Parts ------- > --- POWER (2) -------- Fission Core Fission Core > --- PROPULSION (4) --- Improved Carbon-fiber Leg Improved Titanium Leg Flexi-carbon Leg Flexi-carbon Leg > --- UTILITY (6) ------ Cooling System Large Storage Unit Advanced Sensor Array Advanced Signal Interpreter Kinecellerator Improved Medium Armor Plating > --- WEAPON (3) ------- Heavy Machine Gun Heavy Machine Gun Heavy Machine Gun > --- INVENTORY (15) --- Fission Core Medium Treads Scrapoid Pod Proton Cannon Cooled Particle Cannon Proton Missile Launcher Rocket Launcher Improved Datajack CPS Tube (2) CPS Tube (2) Chainsword Vortex Trap Vortex Trap Vortex Trap Peak State ------------ > --- POWER ------------ Fission Core Fission Core > --- PROPULSION ------- Improved Carbon-fiber Leg Improved Titanium Leg Improved Titanium Leg Flexi-carbon Leg > --- UTILITY ---------- Large Storage Unit Advanced Sensor Array Advanced Signal Interpreter Kinecellerator Improved Medium Armor Plating System Shield > --- WEAPON ----------- Plasma Rifle Coil Gun Heavy Flak Cannon > --- INVENTORY -------- Fission Core Flexi-carbon Leg Cooling System Scrapoid Pod Proton Cannon Magnetic Acceleration Cannon Proton Missile Launcher Rocket Launcher CPS Tube CPS Tube Maul Vortex Trap Vortex Trap Vortex Trap [Rating: 69] Favorites ----------- Power Light Deuterium Engine Engine Light Deuterium Engine Power Core Fission Core Propulsion Light Treads Treads Light Treads Leg Improved Titanium Leg Utility Large Storage Unit Device Seismic Detector Storage Large Storage Unit Processor Advanced Signal Interpreter Hackware System Shield Protection Improved Medium Armor Plating Weapon Light Assault Rifle Energy Gun Medium Laser Energy Cannon Cooled Particle Cannon Ballistic Gun Light Assault Rifle Ballistic Cannon Magnetic Acceleration Cannon Impact Weapon Maul Build | -11 -10 -10 -8 -6 ------- Run | Yrd Mat Sub Scr Fac Slots Evolved 8 | . . . . 8 Power 1 | . . . . 1 Propulsion 2 | . . . . 2 Utility 4 | . . . . 4 Weapon 1 | . . . . 1 Parts Attached 36 | 6 1 . 6 23 Power 4 | 1 . . 1 2 Engine 2 | 1 . . 1 . Core 2 | . . . . 2 Reactor . | . . . . . Propulsion 8 | 2 . . 2 4 Treads 2 | 2 . . . . Leg 6 | . . . 2 4 Wheel . | . . . . . Hover . | . . . . . Flight . | . . . . . Utility 11 | 1 1 . 1 8 Device 5 | 1 . . 1 3 Storage 1 | . 1 . . . Processor 3 | . . . . 3 Hackware 1 | . . . . 1 Protection 1 | . . . . 1 Artifact . | . . . . . Weapon 13 | 2 . . 2 9 Energy Gun 3 | 1 . . . 2 Energy Cannon 1 | . . . . 1 Ballistic Gun 6 | 1 . . 1 4 Ballistic Cannon 2 | . . . 1 1 Launcher . | . . . . . Special Weapon . | . . . . . Impact Weapon 1 | . . . . 1 Slashing Weapon . | . . . . . Piercing Weapon . | . . . . . Special Melee Weapon . | . . . . . Unidentified Prototypes 3 | . . . . 3 Parts Lost . | . . . . . Power . | . . . . . Propulsion . | . . . . . Utility . | . . . . . Weapon . | . . . . . Highest Loss Streak . | . . . . . To Critical Strikes . | . . . . . Average Backups 9 | . 2 3 12 10 Power . | . . . . . Propulsion 1 | . . 1 2 1 Utility 1 | . . . 2 1 Weapon 4 | . 2 2 5 4 Tool/Special . | . . . . . Unused Backups 29 | . . . 18 11 Power 1 | . . . . 1 Propulsion 5 | . . . 4 1 Utility 8 | . . . 7 1 Weapon 11 | . . . 7 4 Tool/Special 4 | . . . . 4 Average Slot Usage (%) 97 | . 97 100 98 94 Engine 11 | . 14 14 14 1 Core 2 | . . . . 11 Treads 14 | . 28 28 15 . Leg 13 | . . . 12 25 Device 15 | . 14 14 14 18 Storage 12 | . 11 14 14 6 Protection 1 | . . . . 4 Energy Gun 7 | . 14 14 7 3 Ballistic Gun 12 | . 14 14 12 8 Ballistic Cannon 4 | . . . 6 3 Peak Build Rating 69 | 6 7 7 27 69 Average Rating 24 | 5 6 7 17 60 On Entrance 9 | . 6 7 7 27 Naked Turns . | . . . . . Heaviest Build 72 | 9 29 29 39 72 Greatest Support 78 | 40 40 40 40 78 Greatest Overweight (x) 1 | . . . 1 . Average Overweight (x) . | . . . . . Largest Inventory Capacity 15 | 5 15 15 15 15 Average Capacity 14 | 5 13 15 15 15 Most Carried 15 | 2 3 4 15 15 Average Carried 11 | . 2 3 13 14 Final Capacity 15 | 5 15 15 15 15 Final Carried 15 | 2 3 4 15 15 Class Distribution -------------------- 89% | Mutant 8% | Skirmisher Dominant Class ---------------- Mutant | -10/Materials Mutant | -10/Subcaves Mutant | -8/Scraptown Mutant | -6/Factory Resources | -11 -10 -10 -8 -6 ----------- Run | Yrd Mat Sub Scr Fac Matter Collected 785 | 287 43 1 60 394 Remotely . | . . . . . Salvage Created 765 | 199 120 50 . 396 Parts 36 | 7 11 3 . 15 Haulers Intercepted 1 | . . . . 1 Recyclers Shooed 2 | 1 1 . . . Parts Field Recycled . | . . . . . Retrieved Matter . | . . . . . Parts Self-Destructed 5 | . . 5 . . Prevented . | . . . . . Kills | -11 -10 -10 -8 -6 ------- Run | Yrd Mat Sub Scr Fac Combat Hostiles Destroyed 16 | . 9 1 . 6 Melee 1 | . 1 . . . Guns 14 | . 8 1 . 5 Cannons 1 | . . . . 1 Classes Destroyed 8 | 2 2 . . 4 Tunneler 4 | 4 . . . . Hauler 1 | . . . . 1 Recycler 1 | 1 . . . . Operator 1 | . . . . 1 Swarmer 8 | . 8 . . . Grunt 5 | . 1 1 . 3 Sentry 1 | . . . . 1 Programmer 2 | . . . . 2 Best Kill Streak 5 | 2 5 1 . 3 Combat Bots Only 5 | . 5 1 . 3 Max Kills in Single Turn 2 | 1 1 1 . 2 Gunslinging 1 | . . . . 1 Exploded . | . . . . . Melee 1 | . 1 . . . Uniques/NPCs Destroyed . | . . . . . Combat | -11 -10 -10 -8 -6 -------- Run | Yrd Mat Sub Scr Fac Hostile Shots Fired 116 | . 60 . . 56 Missed 42 | . 15 . . 27 Hits 74 | . 45 . . 29 Projectile 74 | . 45 . . 29 Critical Strikes 1 | . . . . 1 Part Disruptions 1 | . . . . 1 Damage Taken 665 | . 364 9 . 292 Core 112 | . 96 . . 16 Absorbed by Shields . | . . . . . Core Remaining (%) 80 | 100 . . 61 . Volleys Fired 81 | 27 34 1 . 19 Largest 3 | 2 2 2 . 3 Hottest 149 | 70 70 70 . 149 Shots Fired 181 | 54 68 2 . 57 Gun 171 | 54 68 2 . 47 Cannon 10 | . . . . 10 Launcher . | . . . . . Special . | . . . . . Kinetic 111 | 27 34 1 . 49 Thermal 70 | 27 34 1 . 8 Explosive . | . . . . . Electromagnetic . | . . . . . Robot Hit Streak 12 | 12 5 5 . 8 Robot Miss Streak 7 | 2 7 . . 5 Penetration Max . | . . . . . Secondary Targets 2 | . 1 . . 1 Max Gunslinging Chain 1 | . 1 . . 1 Shots Hit Robots 112 | 38 34 2 . 38 Core Hits 40 | 9 11 1 . 19 Critical Kills . | . . . . . Critical Parts Destroyed . | . . . . . Critical Strikes 2 | 1 1 . . . Burn 2 | 1 1 . . . Melee Attacks 7 | . . . . 7 Impact 7 | . . . . 7 Slashing . | . . . . . Piercing . | . . . . . Sneak Attacks . | . . . . . Combat Hostiles . | . . . . . Follow-up Attacks . | . . . . . Damage Inflicted 1720 | 357 363 23 . 977 Guns 1468 | 357 359 23 . 729 Cannons 248 | . . . . 248 Explosions . | . . . . . Melee . | . . . . . Ramming 4 | . 4 . . . Kinetic 1235 | 156 159 9 . 911 Thermal 481 | 201 200 14 . 66 Explosive . | . . . . . Electromagnetic . | . . . . . Impact . | . . . . . Slashing . | . . . . . Piercing . | . . . . . Highest Corruption . | . . . . . Average Corruption . | . . . . . Corruption Purged . | . . . . . Corruption Blocked . | . . . . . Overload Shots . | . . . . . Overflow Damage . | . . . . . Projectiles . | . . . . . Explosions . | . . . . . Melee . | . . . . . Knockbacks 3 | . . . . 3 Impact . | . . . . . Kinetic 3 | . . . . 3 Secondary . | . . . . . Self-Inflicted Damage . | . . . . . Shots . | . . . . . Rammed 1 | . 1 . . . Targets Rammed 2 | . 2 . . . Kicked . | . . . . . Crushed 1 | . 1 . . . Highest Temperature 170 | 110 170 . . 159 Average Temperature 51 | 37 62 . . 49 Received Heat Transfer 105 | . 6 6 . 93 Siege Activations . | . . . . . Martial Activations . | . . . . . Shielding Activations . | . . . . . Robots Disrupted . | . . . . . Combat Hostiles . | . . . . . Robots Corrupted . | . . . . . Combat Hostiles . | . . . . . Parts Fried . | . . . . . Impact Corruptions . | . . . . . Robots Melted . | . . . . . Combat Hostiles . | . . . . . Parts Melted 1 | . . . . 1 Heat Transferred 1519 | 666 666 37 . 150 Parts Sabotaged . | . . . . . Parts Stolen . | . . . . . Parts Stripped . | . . . . . Power Chain Reactions . | . . . . . Alert | -11 -10 -10 -8 -6 ------- Run | Yrd Mat Sub Scr Fac Maximum Alert Level 1 | . 1 . . . Low Security (%) 99 | 100 99 . . 100 Level 1 . | . . . . . Level 2 . | . . . . . Level 3 . | . . . . . Level 4 . | . . . . . Level 5 . | . . . . . High Security . | . . . . . Max Security . | . . . . . Peak Influence 201 | 5 201 . . 63 Initial . | . . . . . Average 21 | 1 57 . . 13 Influence Increases 525 | 25 276 30 . 194 Destroy 0b10 Robot/C 320 | . 180 20 . 120 Destroy 0b10 Robot/NC 35 | 25 . . . 10 Destroy Leader 82 | . 30 10 . 42 Successful Hack 5 | . 5 . . . Disable Machine 15 | . . . . 15 Destroy Structure 8 | . 1 . . 7 Lose Combat Pursuer 60 | . 60 . . . Influence Decreases 470 | 25 95 208 3 139 Entered New Map 91 | . . 88 3 . Time Decay 379 | 25 95 120 . 139 Squads Dispatched 8 | . 1 . . 7 Investigation 3 | . . . . 3 Extermination 1 | . . . . 1 Reinforcement 4 | . 1 . . 3 Assault . | . . . . . Garrison . | . . . . . Intercept . | . . . . . Searches Triggered . | . . . . . Construction Impeded 1 | . . . . 1 Haulers Reinforced 1 | . . . . 1 Active Scanning Responses . | . . . . . Cargo Convoy Interrupts . | . . . . . Stealth | -11 -10 -10 -8 -6 --------- Run | Yrd Mat Sub Scr Fac Distress Signals 2 | . 2 . . . Communications Jammed . | . . . . . Distress Signals . | . . . . . Times Spotted 24 | . 15 2 . 7 Peak Tracking Total 5 | . 5 2 . 3 Tactical Retreats 2 | . 2 . . . Traps | -11 -10 -10 -8 -6 ------- Run | Yrd Mat Sub Scr Fac Traps Triggered 1 | . . . . 1 Indirectly . | . . . . . Trap Hack Attempts . | . . . . . Triggered . | . . . . . Disarmed . | . . . . . Reprogrammed . | . . . . . Reused . | . . . . . Traps Extracted . | . . . . . Installed . | . . . . . Triggered . | . . . . . Most Traps Carried 3 | . . . 3 3 Machines | -11 -10 -10 -8 -6 ---------- Run | Yrd Mat Sub Scr Fac Machines Disabled 1 | . . . . 1 Max in Single Turn 1 | . . . . 1 Machines Repaired . | . . . . . Machines Dismantled . | . . . . . Machines Sabotaged . | . . . . . Overloaded Fab Kills . | . . . . . Hacking | -11 -10 -10 -8 -6 --------- Run | Yrd Mat Sub Scr Fac Machines Accessed 9 | . 2 . 1 6 Terminals 4 | . 2 . . 2 Fabricators 1 | . . . . 1 Repair Stations . | . . . . . Recycling Units 2 | . . . . 2 Scanalyzers 1 | . . . . 1 Garrison Access . | . . . . . Total Hacks 17 | . 5 . 4 8 Successful 12 | . 4 . 4 4 Failed 5 | . 1 . . 4 Catastrophic 2 | . . . . 2 Database Lockouts . | . . . . . Manual 7 | . 4 . . 3 Terminals 7 | . 5 . . 2 Fabricators 2 | . . . . 2 Repair Stations . | . . . . . Recycling Units 3 | . . . . 3 Scanalyzers 1 | . . . . 1 Garrison Access . | . . . . . Terminal Hacks 5 | . 1 . 4 . Record 4 | . . . 4 . Robot Analysis 1 | . 1 . . . Fabricator Hacks 1 | . . . . 1 Build 1 | . . . . 1 Repair Station Hacks . | . . . . . Recycling Unit Hacks 1 | . . . . 1 Retrieve Components 1 | . . . . 1 Scanalyzer . | . . . . . Garrison Access Hacks . | . . . . . Unauthorized Hacks 5 | . 3 . . 2 Terminals 3 | . 3 . . . Botnet 1 | . 1 . . . Skim 2 | . 2 . . . Fabricators . | . . . . . Repair Stations . | . . . . . Recycling Units 2 | . . . . 2 Fedlink 2 | . . . . 2 Scanalyzers . | . . . . . Garrison Access . | . . . . . Data Cores Recovered 2 | . 1 . . 1 Used . | . . . . . Hacking Detections 7 | . 2 . . 5 Full Trace Events . | . . . . . Feedback Events . | . . . . . Feedback Blocked . | . . . . . Robot Schematics Acquired . | . . . . . Robots Built . | . . . . . Authchips . | . . . . . Time . | . . . . . Total Robot Build Rating . | . . . . . Part Schematics Acquired . | . . . . . Parts Built 2 | . . . . 2 Authchips . | . . . . . Time 47 | . . . . 47 Total Part Build Rating 10 | . . . . 10 Parts Repaired . | . . . . . Time . | . . . . . Parts Recycled . | . . . . . Recycled Matter . | . . . . . Retrieved Matter . | . . . . . Retrieved Components 2 | . . . . 2 Parts Scanalyzed . | . . . . . Part Schematics Acquired . | . . . . . Parts Damaged . | . . . . . Bothacking | -11 -10 -10 -8 -6 ------------ Run | Yrd Mat Sub Scr Fac Used RIF Installer . | . . . . . Robots Hacked . | . . . . . Non-combat . | . . . . . Combat . | . . . . . Robot Hacks Applied . | . . . . . Relay Couplers Released 4 | . . . . 4 Programmers 4 | . . . . 4 Fabnet Peak Effective % . | . . . . . Robots Rewired . | . . . . . Allies Hacked . | . . . . . Hacks Repelled . | . . . . . Allies | -11 -10 -10 -8 -6 -------- Run | Yrd Mat Sub Scr Fac Total Allies . | . . . . . Largest Group . | . . . . . Highest-Rated Group . | . . . . . Highest-Rated Ally . | . . . . . Total Orders . | . . . . . Ally Attacks . | . . . . . Total Damage . | . . . . . Kills . | . . . . . Allies Corrupted . | . . . . . Allies Melted . | . . . . . Intel | -11 -10 -10 -8 -6 ------- Run | Yrd Mat Sub Scr Fac Active Infowar (turns) 3632 | 138 303 243 2196 752 Sensors 703 | . . . . 703 Seismic 3131 | 138 303 243 2196 251 Robot Analysis Total 1 | . 1 . . . Derelict Logs Recovered . | . . . . . Drone Launches . | . . . . . Drone Recoveries . | . . . . . Exploration | -11 -10 -10 -8 -6 ------------- Run | Yrd Mat Sub Scr Fac Turns Passed 3740 | 246 303 243 2196 752 Spaces Moved 2323 | 102 126 142 1481 472 Core 2 | 2 . . . . Treads 1099 | 100 126 142 731 . Legs 1222 | . . . 750 472 Wheels . | . . . . . Hover . | . . . . . Flight . | . . . . . Fastest Speed 50 | 50 160 160 130 122 Average Speed 143 | 157 160 160 144 125 Slowest Speed 200 | 160 160 160 200 127 Overloaded Moves . | . . . . . Propulsion Burnouts . | . . . . . Robots Hopped . | . . . . . Potential Cave-ins . | . . . . . Cave-ins Triggered . | . . . . . Exploration Rate (%) 29 | 6 24 15 87 14 Regions Visited 4 Branch Regions 2 Pre-discovered Areas . | . . . . . Known Exits Taken . | . . . . . Unknown Exits Taken 4 | 1 1 1 1 . Scrap Searched 5 | . . . 5 . Spaces Dug 6 | . . . . 6 Terrain Destroyed 6 | . . . . 6 Melee 6 | . . . . 6 Projectile . | . . . . . AOE . | . . . . . Terrain Rammed . | . . . . . Walls Destroyed . | . . . . . Machines Disabled . | . . . . . Actions | -11 -10 -10 -8 -6 --------- Run | Yrd Mat Sub Scr Fac Total 2572 | 136 165 156 1544 571 Wait 42 | . 2 13 . 27 Move 2319 | 101 125 141 1480 472 Hop . | . . . . . Pick Up 47 | 2 1 1 32 11 Fast Attach 17 | 6 1 . 2 8 Attach 6 | . . . 3 3 Detach 1 | . . . 1 . Swap 14 | . . . 1 13 Drop 36 | . . . 25 11 Fire 81 | 27 34 1 . 19 Melee 7 | . . . . 7 Ram . | . . . . . Kick . | . . . . . Crush 2 | . 2 . . . Escape Stasis . | . . . . . Rewire . | . . . . . Trap . | . . . . . Miscellaneous . | . . . . . Route ------- -11/Scrapyard -10/Materials -10/Subcaves -8/Scraptown (discovered 2 exits: *Fac x2) -6/Factory History --------- Turn | Location | Event 2 | -11/Scrapyard | Met Revision 17 15 | -11/Scrapyard | Discovered new exit (range 15) 247 | -11/Scrapyard | Entered Materials 248 | -10/Materials | Met a group of wandering Federalists 316 | -10/Materials | Build established: Mutant 322 | -10/Materials | Discovered new exit (range 9) 550 | -10/Materials | Entered Subcaves 551 | -10/Subcaves | Continued accompanying wandering Federalists (6) 783 | -10/Subcaves | Wandering Federalist uncovered a shortcut to Scraptown 793 | -10/Subcaves | Entered Scraptown 1209 | -8/Scraptown | Visited UFD Registry 1209 | -8/Scraptown | Registered with UFD as "Steelsys" 1243 | -8/Scraptown | Visited Assassins FH 1268 | -8/Scraptown | Heard Great Nut preacher, LISTEN AND RECITE! 1268 | -8/Scraptown | Visited The Evicted 1299 | -8/Scraptown | Visited Red Mages 1326 | -8/Scraptown | Visited Comm Corps 1360 | -8/Scraptown | Visited IN-MT5's Study 1372 | -8/Scraptown | Visited Awakened 1388 | -8/Scraptown | Visited TADAMA 1513 | -8/Scraptown | Discovered new exit (range 13) 1905 | -8/Scraptown | Visited Curators Association 1982 | -8/Scraptown | Visited Junk Repository 2050 | -8/Scraptown | Visited LU-1G1's Boring Crew 2157 | -8/Scraptown | Visited Abandonware Association 2170 | -8/Scraptown | Learned abandonware demo "REBOOT5.EXE" 2198 | -8/Scraptown | Visited Scrap Suit Storage 2219 | -8/Scraptown | Visited Junk Repository 2325 | -8/Scraptown | Visited Science Guys 2393 | -8/Scraptown | Visited Science Testing Area 2415 | -8/Scraptown | Visited Chapter 10 2497 | -8/Scraptown | Visited Scrapoid Pod Storage 2504 | -8/Scraptown | Found Scrapoid Pod 2985 | -8/Scraptown | Discovered new exit (range 3) 2989 | -8/Scraptown | Entered Factory 2989 | -6/Factory | Evolved 8 slots: Power x1, Propulsion x2, Utility x4, Weapon x1 3137 | -6/Factory | Loaded intel: 8 recycling unit locations 3151 | -6/Factory | Fabricated Fission Core (x2) 3741 | -6/Factory | Build established: Skirmisher 3741 | -6/Factory | Self-destructed Last Messages --------------- 03725_ Acquired 67 matter. 03726_ R-10 Processor collects Adv. Heat Sink. 03730_ R-10 Processor collects Lgt. Angular Momentum Engine. 03737_ ALERT: Suspicious intruders detected, dispatching Specialist reinforcements to area. 03741_ Connecting with Recycling Unit... >>Force(Fedlink) _________ .___.__ .__ ____ __ __. \_ _____/___ __| _/| | | |\ \ | |/ _| | __)/ __ \ / __ | | | | |/ | \| < | \\ ___// /_/ | | |___| / | \ | \ \_ / \___ \____ | |_____ \__\__|_ /__|__ \ \/ \/ \/ \/ \/ v3.71\/ UFD!MEMBER UFD!NETWORK<316> UFD!RESOURCES<37> UFD!SANITIZING UFD!... 03741_ ALERT: Suspicious activity at Recycling Unit F008. Dispatching Investigation squad. Map ----- +----------------------------------------------------+ | ????????????????????? ## #???? | | ????????????????????? # #???? | | ?????????????????????? #???? | | ???????????????????????" " " " " # #???? | | ???????????????????????? " " " " [[ ^^^# ##???? | | ?????????????????????????" " " " [ #?###????? | | ?????????????????????????" " " " ####????????? | | ?????????????????????????" " " " #???????????? | | ?????????????????????????" " " " #???????????? | | ?????????????????????????" " " " #???????????? | | ???????????????????????" " " " " #???????????? | | ???????????????????? " " " " " " #???????????? | | ?????????????????? #???????????? | | ?????????????????? ##########??? | | ?????????????????? u #??? | | ???????????????????#####+##+######## ####?????? | | ?????????????????????# ? ?# #????????? | | ?????????????????????# ## #????????? | | ?????????????????????# ## uu#????????? | | ?????????????????????# [ """ """ ## u #????????? | | ?????????????????????# """ """ ## #????????? | | ?????????????????????# """ """ ## #????????? | | ?????????????????????# ## #????????? | | ?????????????????????# """ ## #????????? | | ?????????????????????# """ """ ## #????????? | | ?????????????????????# "Y@ """ ## # | | ?????????????????????# """ + % *" | | ?????????????????????# ##### # | | ?????????????????????########+#####???#+#########? | | ????????????????????????????????????????g????????? | | ?????????????????????????????????????????????????? | | ???????????????????????????????????????R?????????? | | ?????????????????????????????????????????????????? | | ?????????????????????????????????????????????????? | | ?????????????????????????????????????????????????? | | ?????????????????????????????????????????????????? | | ?????????????????????????????????????????????????? | | ?????????????????????????????????????????????????? | | ?????????????????????????????????????????????????? | | ?????????????????????????????????????????????????? | | ?????????????????????????????????????????????????? | | ?????????????????????????????????????????????????? | | ??????????????????????H??????????????????????????? | | ?????????????????????????????????????????????????? | | ?????????????????????????????????????????????????? | | ?????????????????????????????????????????????????? | | ?????????????????????????????????????????????????? | | ?????????????????????????????????????????????????? | | ?????????????????????????????????????????????????? | | ?????????????????????????????????????????????????? | +----------------------------------------------------+ Best States ------------- Heat Dissipation 59 Energy Generation 31 Energy Capacity 520 Matter Stores 300 Matter Capacity 300 Sight Range 16 Robot Scan Range 16 Terrain Scan Density 10 Armor Coverage 225 Evasion (%) 55 Melee Accuracy 8 Recoil Reduction 2 Kinecelleration 30 Defensive Hacking 10 Item Schematics ----------------- None Robot Schematics ------------------ None Fabricated ------------ Fission Core | x2 | -6/Factory | Preloaded Repaired ---------- Nothing Alien Tech Used ----------------- None Achievements -------------- None Challenges ------------ None Game ------ Seed CentriumMetaDeconstructor Manual? 0 Play Time 00:20:39 Cumulative 703.2 hours Start 2025.05.12 @ 13:54:25 End 2025.05.12 @ 14:11:23 Sessions 1 Manual Loads 0 Difficulty Rogue Special Mode None Game No. 234 Rogue 232 Adventurer 2 Explorer 0 Win Type - Total 38 Types 13/4/11/1/1/0/7/1/0/0 Lore% 94 Gallery% 91 Achievement% 82 Wizard Run 0 Options --------- Layout 0 ASCII 0 Keyboard 1 Movement Numpad Keybinds 0 Fullscreen 1 Font 24/Smallcaps Map View 76x50 Zoom Use 0% Tactical HUD 1 Map Filters NONE Filters NONE Steam 1 RUN: f3d6514c-d432-4f19-9774-bd7c8683b520